 Dungeon Crawl Stone Soup version 0.28.0-47-ge53b351184 (console) character file.

Game seed: 12125176781085309063

142 Faeu the Covered (level 5, -2/47 HPs)
             Began as a Minotaur Fighter on May 2, 2022.
             Succumbed to a scorpion's poison
             ... on level 4 of the Dungeon.
             The game lasted 00:05:33 (1385 turns).

Faeu the Covered (Minotaur Fighter)                 Turns: 1385, Time: 00:05:34

Health: -2/47      AC:  7    Str: 23    XL:     5   Next: 4%
Magic:  4/4        EV: 10    Int:  5    God:
Gold:   97         SH:  5    Dex: 15    Spells: 4/4 levels left

rFire   . . .      SeeInvis .   n - +3 spear {freeze, Dex+6, polearm}
rCold   . . .      Faith    .   c - +0 buckler
rNeg    . . .      Spirit   .   b - +0 scale mail
rPois   .          Reflect  .   (helmet restricted)
rElec   .          Harm     .   (no cloak)
rCorr   .          Rampage  .   (no gloves)
Will    .....                   (no boots)
Stlth   ..........              (no amulet)
HPRegen 0.15/turn               (no ring)
MPRegen 0.09/turn               (no ring)

@: lethally poisoned (-2 -> -16)
A: horns 2, retaliatory headbutt
a: no special abilities


You were on level 4 of the Dungeon.
You visited 1 branch of the dungeon, and saw 4 of its levels.

You collected 97 gold pieces.


Innate Abilities, Weirdness & Mutations

You have a pair of horns on your head.
You reflexively headbutt those who attack you in melee.


   Skills:
 + Level 4.6 Fighting
 + Level 3.8 Axes
 + Level 4.7 Armour
 + Level 1.3 Dodging
 - Level 4.3 Shields


You had 4 spell levels left.
You didn't know any spells.
Your spell library contained the following spells:

 Spells                   Type           Power      Damage    Failure   Level
 Chain Lightning          Conj/Air       0%         N/A       100%        9
 Fire Storm               Conj/Fire      0%         5d1       100%        9
 Shatter                  Erth           0%         3d5*      100%        9

Inventory:

Hand Weapons
 a - a +0 war axe {axe}
 n - the +3 spear "Gafogg" (weapon) {freeze, Dex+6, polearm}
   (You found it on level 2 of the Dungeon)

   It freezes those it strikes, dealing additional cold damage.
   It can also slow down cold-blooded creatures.
   Dex:       It affects your dexterity (+6).
Armour
 b - a +0 scale mail (worn)
 c - a +0 buckler (worn)
Scrolls
 h - a scroll of vulnerability {!r!r}
 j - 2 scrolls of fear
 k - a scroll of teleportation {@r4}
 m - a scroll of silence {unknown}
 o - a scroll of amnesia {unknown}
Potions
 d - a potion of might
 e - a potion of invisibility {unknown}
 f - a potion of heal wounds {unknown}
 g - a potion of ambrosia {unknown}
 i - a potion of resistance {unknown}
 l - a potion of attraction {unknown}

Dungeon Overview and Level Annotations

Branches:
Dungeon (4/15)
 Temple: D:4-7

Altars:

Annotations:
D:3 2 runed translucent doors

*,,,,,,,,,,,,,,,,***,,,* **,,
*,,,,,,,,,,,,,,,,**,,*****,,*
**,,,,,,,,,,,,,,**,,** *,,,**
**,,,,,**,,,,,*#..##***,***,
**************.....,,,,* *,
#####.#.#****** *, #######
#.......* **,
#.....####.#...#** **,,
#.....##......#*********,,,
#.....##.....####...,,,,,,*
#.........@.......#***,,,,,
#........######.....,,,,,,,
#........# *,,...,,,,,,,
#.....#### *,,,,.,,,,,,,
#.....# *,,,,,,,,,,,, #.....#
*,,,,,,,,,,,, ####.##.#
*,,,,,,,,,,,, #.......#
***********,, #...<...# *,,
#...<...# *,, #.......# *,,


There were no monsters in sight!


Message History

The bat barely misses you. You block the bat's attack.
You hit the bat. You freeze the bat.
You kill the bat!
You see here a bat corpse.
You hit the orc. You freeze the orc. The orc barely misses you. 😕 HP[+1]
You hit the orc. You freeze the orc.
You kill the orc!
You see here a +0 flail {mace}.
You see here a +0 flail {mace}.
You see here a bat corpse. 😕 HP[+1] 😎 HP[+1]
An orc comes into view. It is wielding a +0 dagger.
The orc shouts!
You barely miss the orc. You block the orc's attack.
You hit the orc. You freeze the orc.
The orc hits you with a +0 dagger. 😕 HP[-2]
You take 2 damage, and now have 39/41 hp.
You puncture the orc! You freeze the orc.
You kill the orc!
Things that are here:
a +0 dagger {short}; an orc corpse HP restored.
A goblin comes into view. It is wielding a +0 club.
The goblin shouts!
A gnoll comes into view. It is wielding a +0 flail. 😎 HP[+2]
The gnoll shouts!
You hear a shout! x2
A gnoll comes into view. It is wielding a +1 vorpal spear.
An orc comes into view. It is wielding a +0 dagger.
The orc shouts!
A dart slug comes into view.
There is a stone staircase leading down here.
You climb downwards.
You hear the hiss of flowing sand.
There is an entrance to an ossuary on this level.
Hurry and find it before the portal is buried!
There is a stone staircase leading up here.
As you read the scroll labelled TOMPUT FANOUTI, it crumbles to dust.
It is a scroll of identify.
j - 2 scrolls of fear
As you read the scroll of identify {@r1}, it crumbles to dust.
k - a scroll of teleportation
As you read the scroll of identify {@r1}, it crumbles to dust.
h - a scroll of vulnerability
As you read the scroll of identify {@r1}, it crumbles to dust.
p - a scroll of magic mapping Really read
p - a scroll of magic mapping {!r}? [Y]es or [N]o only, please.
Really read
p - a scroll of magic mapping {!r}? [Y]es or [N]o only, please.
Really read
p - a scroll of magic mapping {!r}? [Y]es or [N]o only, please.
Really read
p - a scroll of magic mapping {!r}?
As you read the scroll of magic mapping {!r}, it crumbles to dust.
You feel aware of your surroundings.
You sensed 1 shop/portal.
Unknown command.
e - a viscous silvery potion A scorpion comes into view.
You closely miss the scorpion. The scorpion stings you.
You are poisoned.
The scorpion poisons you! 😕 HP[-4]
You take 4 damage, and now have 37/41 hp.
You hit the scorpion. You freeze the scorpion.
You feel very sick. The scorpion stings you.
You are more poisoned.
The scorpion poisons you! The scorpion stings you. 😮 HP[-7]
You take 7 damage, and now have 30/41 hp.
You closely miss the scorpion.
You feel very sick. The scorpion stings you.
* * * LOW HITPOINT WARNING * * *
😨 HP[-10]
You take 10 damage, and now have 20/41 hp.
MASSIVE DAMAGE!! (PAUSE)
You hit the scorpion. You freeze the scorpion.
You feel very sick. The scorpion stings you!
* * * LOW HITPOINT WARNING * * *
You are more poisoned.
The scorpion poisons you! 😱 HP[-10]
You take 10 damage, and now have 10/41 hp.
MASSIVE DAMAGE!! (PAUSE)
You hit the scorpion. You freeze the scorpion.
You kill the scorpion!
* * * LOW HITPOINT WARNING * * *
You feel very sick.
Your Dodging skill increases to level 1!
You have reached level 5! 😱 HP[-4] MP[+1]
You now have 47 max hp (+6).
Your mp is fully restored (4).
* * * LOW HITPOINT WARNING * * *
You feel very sick. 😱 HP[-4]
You take 4 damage, and now have 2/47 hp.
You die...

Skill      XL: |  1  2  3  4 |
---------------+-------------+-----
Armour         | 4 |  4.7
Shields        | 4 |  4.3
Fighting       | 4 |  4.6
Axes           | 3 |  3.8
Dodging        | 1 |  1.3

Action                   |  1- 3 |  4- 6 || total
-------------------------+-------+-------++-------
Melee: War axe           |    52 |       ||    52
       Headbutt          |     8 |     3 ||    11
       Spear             |    17 |    29 ||    46
  Use: Scroll            |       |     5 ||     5
Armor: Scale mail        |    41 |    11 ||    52
Dodge: Dodged            |    39 |    14 ||    53
Block: Buckler           |    14 |    13 ||    27

Levels and vault maps discovered:
D:1:      dpeg_arrival_long_road, layout_loops_cross, minmay_vboxes
D:2:      layout_rooms, dreamdust_ecumenical_altar_statues, minmay_tetromino_t2
D:3:      due_chaos_kobolds, layout_basic, nicolae_hepliaklqana_hippocampus,
          minmay_diced_spiral
D:4:      layout_rooms, nicolae_ossuary_entry_catacombs

Notes
Turn   | Place    | Note
-------+----------+-------------------------------------------
     0 | D:1      | Faeu the Minotaur Fighter began the quest for the Orb.
     0 | D:1      | Reached XP level 1. HP: 19/19 MP: 0/0
     0 | D:1      | magus.rc [v1.9.6]
   222 | D:1      | Reached XP level 2. HP: 27/27 MP: 1/1
   322 | D:1      | Reached skill level 4 in Armour
   322 | D:1      | Reached skill level 4 in Shields
   326 | D:1      | Reached skill level 4 in Fighting
   327 | D:1      | Reached skill level 3 in Axes
   330 | D:1      | Reached XP level 3. HP: 33/33 MP: 2/2
   413 | D:1      | You pick up a book of Annihilations and begin reading...
   413 | D:1      | You add the spells Chain Lightning, Fire Storm and Shatter
                  | to your library.
   792 | D:2      | Identified the +3 spear "Gafogg" {freeze, Dex+6}
   809 | D:2      | Found a faded altar of an unknown god.
   982 | D:2      | Reached XP level 4. HP: 37/40 MP: 3/3
  1205 | D:3      | Found a large runed translucent door.
  1205 | D:3      | Found a large runed translucent door.
  1376 | D:4      | Noticed a scorpion
  1382 | D:4      | HP: 10/41 [scorpion (7)]
  1383 | D:4      | Killed a scorpion
  1384 | D:4      | Reached skill level 1 in Dodging
  1384 | D:4      | Reached XP level 5. HP: 6/47 MP: 4/4
  1384 | D:4      | HP: 2/47 [poisoned by a scorpion]
  1385 | D:4      | Succumbed to a scorpion's poison

Vanquished Creatures
  A scorpion (D:4)
  An adder (D:2)
  4 dart slugs
  3 orcs
  7 bats
  5 endoplasms
  2 giant cockroaches (D:1)
  A goblin (D:2)
  4 hobgoblins
  10 jackals
  7 kobolds
  2 quokkas
  5 ball pythons
  3 frilled lizards
  6 rats
61 creatures vanquished.

Table legend:
 A = Non-vault XP
 B = Vault XP
 C = Vault XP percentage of total XP
 D = Non-vault monster count
 E = Vault monster count
 F = Vault count percentage of total count
                 A         B        C        D         E       F
            +---------+---------+-------+---------+---------+-------
      Total |     186 |      18 |   8.8 |      52 |       9 |  14.8
            +---------+---------+-------+---------+---------+-------
        D:1 |      48 |      15 |  23.8 |      26 |       8 |  23.5
        D:2 |      44 |       3 |   6.4 |      18 |       1 |   5.3
        D:3 |      15 |       0 |   0.0 |       7 |       0 |   0.0
        D:4 |      79 |       0 |   0.0 |       1 |       0 |   0.0
            +---------+---------+-------+---------+---------+-------

Illustrated notes

Table legend:
 A = Kills in this place as a percentage of kills in entire the game.
 B = Kills by you in this place as a percentage of kills by you in the entire game.
 C = Kills by friends in this place as a percentage of kills by friends in the entire game.
 D = Other kills in this place as a percentage of other kills in the entire game.
 E = Experience gained in this place as a percentage of experience gained in the entire game.
 F = Experience gained in this place divided by the number of levels of this place that you have seen.
                   A       B       C       D       E      F
               +-------+-------+-------+-------+-------+----------------------
         Total | 100.0 | 100.0 |   N/A |   N/A | 100.0 |  51.0
       Dungeon | 100.0 | 100.0 |   N/A |   N/A | 100.0 |  51.0
               +-------+-------+-------+-------+-------+----------------------

Table legend: (Time is in decaauts)
 A = Elapsed time spent in this place.
 B = Non-inter-level travel time spent in this place.
 C = Inter-level travel time spent in this place.
 D = Time resting spent in this place.
 E = Time spent auto-exploring this place.
 F = Levels seen in this place.
 G = Mean time per level.
                   A        B        C        D        E       F      G
               +--------+--------+--------+--------+--------+-----+--------+
         Total |   1405 |   1375 |     30 |      0 |    819 |   4 |  351.2 |
       Dungeon |   1405 |   1375 |     30 |      0 |    819 |   4 |  351.2 |
               +--------+--------+--------+--------+--------+-----+--------+

Top non-repeatable levels by time:
     D:1: 715 daAuts
     D:2: 510 daAuts
     D:3: 146 daAuts
     D:4: 34 daAuts
